 Dungeon Crawl Stone Soup version 0.23.0 (webtiles) character file.

Game seed: 10546454813274595936

340125 JimmyWheeler the Whirler (level 22, -12/152 HPs)
             Began as a Halfling Hunter on Feb 13, 2019.
             Was an Initiate of Gozag.
             Splashed by a deep elf sorcerer's acid (13 damage)
             ... on level 4 of the Abyss on Feb 14, 2019.
             The game lasted 08:54:53 (66811 turns).

JimmyWheeler the Whirler (Halfling Hunter)         Turns: 66811, Time: 08:54:54

Health: -12/152    AC: 39    Str: 22      XL:     22   Next: 97%
Magic:  0/30       EV: 19    Int: 13      God:    Gozag
Gold:   7115       SH:  0    Dex: 21 (23) Spells: 21/21 levels left

rFire    . . .     SeeInvis +   I - +5 rapier (venom)
rCold    + + .     Gourm    .   n - +3 buckler
rNeg     . . .     Faith    .   i - +12 plate armour "Rammuhuh" {*Drain +Blink rC++ Dex+2}
rPois    +         Spirit   +   U - +2 hat {MR+}
rElec    .         Reflect  .   R - +2 cloak
rCorr    .         Harm     .   y - +2 pair of gloves
MR       ++...     Rnd*Rage +   v - +2 pair of boots of a bailey {-Cast rPois Int+4 Stlth+} Stlth ..........NoCast +
                                N - amulet "Duogigar" {Spirit +Inv rPois Str+5}
HPRegen  0.00/turn              r - +2 ring of protection
MPRegen  0.22/turn              b - ring of see invisible

@: confused, corroded, non-regenerating, badly diseased, drained
A: small, berserk 1, blink, [deterioration 1], mutation resistance 1, [screaming
1]
}: 2/15 runes: decaying, serpentine
a: Blink, Potion Petition, Call Merchant, Bribe Branch, Renounce Religion, Evoke
Blink, Evoke Invisibility


You were on level 4 of the Abyss.
You worshipped Gozag.
Gozag was greatly pleased with you.
You were very hungry.

You visited 6 branches of the dungeon, and saw 35 of its levels.
You visited the Abyss 1 time.
You also visited: Trove and Ice Cave.

You collected 18125 gold pieces.
You spent 1764 gold pieces at shops.
You paid 9246 gold pieces to Gozag.

Inventory:

Hand Weapons
 l - a +1 blowgun
 I - a +5 rapier of venom (weapon)
 L - a +4 hunting sling of flaming
 P - a +4 short sword of freezing
 W - a +2 fustibalus of freezing
Missiles
 c - 157 poisoned needles
 d - 76 sling bullets
 e - 2 poisoned tomahawks
 g - 244 stones
 t - 2 needles of confusion
 z - 7 needles of paralysis
 A - 4 needles of sleeping
 G - 12 tomahawks (quivered)
Armour
 i - the +12 plate armour "Rammuhuh" (worn) {*Drain +Blink rC++ Dex+2}
   (You found it on level 3 of the Lair of Beasts)

   It affects your dexterity (+2).
   It greatly protects you from cold.
   It lets you blink.
   It causes draining when unequipped.
 n - a +3 buckler (worn)
 v - the +2 pair of boots of a bailey (worn) {-Cast rPois Int+4 Stlth+}
   (You found it in a treasure trove)

   It affects your intelligence (+4).
   It protects you from poison.
   It prevents spellcasting.
   It makes you more stealthy.
 y - a +2 pair of gloves (worn)
 R - a +2 cloak (worn)
 U - a +2 hat of magic resistance (worn)
Jewellery
 b - a ring of see invisible (right hand)
 r - a +2 ring of protection (left hand)
 E - a cursed amulet of inaccuracy {unknown}
 N - the amulet "Duogigar" (around neck) {Spirit +Inv rPois Str+5}
   (You took it off Maurice on level 8 of the Dungeon)

   [amulet of guardian spirit]

   It causes incoming damage to be split between your health and magic.
   It affects your strength (+5).
   It protects you from poison.
   It lets you turn invisible.
Wands
 m - a wand of disintegration (29)
 o - a wand of digging (7)
 J - a wand of clouds (12)
 M - a wand of paralysis (18)
 O - a wand of random effects (14)
 S - a wand of acid (10)
 T - a wand of iceblast (15)
 V - a wand of flame (114)
 Y - a wand of polymorph (24)
Scrolls
 p - 19 scrolls of remove curse
 s - 4 scrolls of magic mapping
 C - 2 scrolls of fog
 F - a scroll of blinking
 K - 3 scrolls of holy word
 Q - 2 scrolls of fear
 X - 3 scrolls of identify
 Z - 3 scrolls of silence
Potions
 a - 2 potions of berserk rage
 h - a potion of cancellation
 j - 4 potions of flight
 k - 3 potions of lignification
 q - 3 potions of ambrosia
 w - a potion of brilliance
 x - a potion of invisibility
 D - 5 potions of agility
Comestibles
 f - 3 rations


   Skills:
 + Level 13.0(11.6) Fighting
 + Level 17.5(16.0) Short Blades
 + Level 18.6(19.1) Slings
 + Level 12.2(13.3) Throwing
 + Level 15.4(14.0) Armour
 + Level 14.6(13.2) Dodging
 + Level 14.2(12.8) Stealth
 - Level 13.4(12.0) Shields
 + Level 11.4(10.1) Evocations


You had 21 spell levels left.
You didn't know any spells.
Your spell library contained the following spells:

 Spells                   Type           Power        Failure   Level  Hunger
 Animate Skeleton         Necr           N/A          97%         1    ##.....
 Apportation              Tloc           #.....       97%         1    ##.....
 Beastly Appendage        Tmut           #.....       97%         1    ##.....
 Confusing Touch          Hex            #.....       97%         1    ##.....
 Flame Tongue             Conj/Fire      #....        97%         1    ##.....
 Magic Dart               Conj           #...         97%         1    ##.....
 Summon Butterflies       Summ           #.......     97%         1    ##.....
 Summon Small Mammal      Summ           #...         97%         1    ##.....
 Blink                    Tloc           N/A          99%         2    ###....
 Call Imp                 Summ           #.......     99%         2    ###....
 Searing Ray              Conj           #.....       99%         2    ###....
 Shroud of Golubria       Chrm/Tloc      #.........   99%         2    ###....
 Slow                     Hex            #.......     99%         2    ###....
 Sticks to Snakes         Tmut           #.......     99%         2    ###....
 Call Canine Familiar     Summ           #.......     100%        3    ####...
 Confuse                  Hex            #.......     100%        3    ####...
 Conjure Flame            Conj/Fire      #.......     100%        3    ####...
 Dazzling Spray           Conj/Hex       #.....       100%        3    ####...
 Gell's Gravitas          Tloc           #.........   100%        3    ####...
 Lesser Beckoning         Tloc           #.........   100%        3    ####...
 Mephitic Cloud           Conj/Pois/Air  #.......     100%        3    ####...
 Spectral Weapon          Hex/Chrm       #.......     100%        3    ####...
 Spider Form              Tmut/Pois      #.........   100%        3    ####...
 Teleport Other           Tloc           #.......     100%        3    ####...
 Tukima's Dance           Hex            #.......     100%        3    ####...
 Cause Fear               Hex            #.........   100%        4    #####..
 Force Lance              Conj/Tloc      #.......     100%        4    #####..
 Fulminant Prism          Conj/Hex       #.........   100%        4    #####..
 Ice Form                 Ice/Tmut       #.......     100%        4    #####..
 Iskenderun's Mystic Bla  Conj           #.......     100%        4    #####..
 Passage of Golubria      Tloc           N/A          100%        4    #####..
 Petrify                  Tmut/Erth      #.......     100%        4    #####..
 Summon Lightning Spire   Summ/Air       #.......     100%        4    #####..
 Alistair's Intoxication  Tmut/Pois      #.......     100%        5    ######.
 Blade Hands              Tmut           #.........   100%        5    ######.
 Metabolic Englaciation   Hex/Ice        #.........   100%        5    ######.
 Silence                  Hex/Air        #.........   100%        5    ######.
 Yara's Violent Unravell  Hex/Tmut       #.........   100%        5    ######.
 Bolt of Cold             Conj/Ice       #.........   100%        6    #######
 Bolt of Fire             Conj/Fire      #.........   100%        6    #######
 Conjure Ball Lightning   Conj/Air       #.........   100%        6    #######
 Deflect Missiles         Chrm/Air       #.........   100%        6    #######
 Freezing Cloud           Conj/Ice/Air   #.........   100%        6    #######
 Invisibility             Hex            #.......     100%        6    #######
 Ozocubu's Refrigeration  Ice            #.........   100%        6    #######
 Simulacrum               Ice/Necr       #.........   100%        6    #######
 Dragon Form              Tmut           #.........   100%        7    #######
 Discord                  Hex            #.........   100%        8    #######
 Dragon's Call            Summ           #.........   100%        9    #######
 Tornado                  Air            #.........   100%        9    #######


Dungeon Overview and Level Annotations

Branches:
Dungeon (15/15)            Temple (0/1) D:5            Lair (6/6) D:11
  Swamp (4/4) Lair:2        Snake (4/4) Lair:3        Slime (0/5) Lair:5
    Orc (2/2) D:12            Elf (0/3) Orc:2        Vaults (4/5) D:14
  Crypt (0/3) Vaults:2
 Depths: D:15

Altars:
Ashenzari
Cheibriados
Fedhas
Gozag
Qazlal
Uskayaw
Vehumet
Xom
Zin
Beogh
Jiyva

Shops:
D:6 (   D:8 :   D:9 *   D:12 [   D:13 ?   Orc:1 %!   Orc:2 [***   Lair:2 [
Lair:4 (   Snake:4 ?   Vaults:2 *

Annotations:
D:1 1 runed translucent door
D:6 Sigmund
D:10 1 runed translucent door, Snicker's ghost, novice SpEn
Lair:3 2 transporters, demenzo's ghost, adept SpVM
Lair:6 1 runed translucent door


Innate Abilities, Weirdness & Mutations

You are small and have problems with some larger weapons.
You are somewhat resistant to further mutation.
You tend to lose your temper in combat.
You can translocate small distances at will.
[Your body sometimes deteriorates upon taking damage.]
[You occasionally shout uncontrollably at your foes.]


Message History

Unknown command.
Okay, then.
You bump into the stone wall.
The thrashing horror barely misses you.
The thrashing horror tramples you but does no damage.
The spatial vortex barely misses you.
The tormentor calls on the powers of darkness!
The deep elf sorcerer convulses!
The raiju convulses!
Your body is wracked with pain!
* * * LOW HITPOINT WARNING * * *
Something is bathed in an unholy light!
The spatial maelstrom hits you!
* * * LOW HITPOINT WARNING * * *
Space bends around you.
* * * LOW HITPOINT WARNING * * *
The spatial maelstrom hits you but does no damage.
The deep elf sorcerer casts a spell at you.
The bolt of acid hits you!!
* * * LOW HITPOINT WARNING * * *
The acid corrodes you!
You are splashed with acid!
You die...
Your body crumbles into a pile of gold.

#. ##....vx##
..v..# ≈ #...#
..............###≈
#...###.
vx..........#. #
... 4#.#... .
#.... .### .. . .
####§4*%.##... ..#
#.##Xh.v....v..#.
#vv2#x.....v ....
#@evX.### .. # .#
#vXv####.# #v. #
##### ## # #.. #.
. .. v ...≈. ....
≈ ≈ ≈ . . ≈ .
≈≈≈≈≈... . ≈ .


You could see 2 spatial maelstroms, a wretched star, a deep elf sorcerer, 3
spatial vortices, a thrashing horror, 2 large abominations, a worldbinder, a
tormentor, a raiju and a chaos spawn.

Vanquished Creatures
  Mara (Vaults:2)
  A profane servitor (Abyss:2)
  A bone dragon (Abyss:3)
  3 tentacled monstrosities
  4 liches
  4 tentacled starspawn
  Gastronok (D:9)
  Kirke (Swamp:4)
  A storm dragon (Vaults:4)
  2 tengu reavers
  3 thorn hunters
  8 nagarajas
  A fire giant (Vaults:3)
  A deep elf sorcerer (Vaults:2)
  2 orc warlords
  A balrug (Abyss:3)
  An angel (Abyss:3)
  11 vault wardens
  A deep elf elementalist (Abyss:3)
  8 ironheart preservers
  A ghoul (Vaults:3)
  3 stone giants (Vaults:4)
  2 very ugly things
  A deep elf annihilator (Vaults:4)
  An ettin (Vaults:3)
  A deep elf death mage (Vaults:1)
  10 yaktaur captains
  A crystal guardian (Vaults:4)
  Josephine (Lair:5)
  4 vault guards
  3 great orbs of eyes
  A fire dragon (Vaults:1)
  2 rakshasas (Vaults:2)
  2 unseen horrors
  14 naga warriors
  Erolcha (D:9)
  24 hydras
  5 ice dragons
  2 ghost crabs
  Erica (Lair:2)
  4 shambling mangroves
  12 anacondas
  A catoblepas (Lair:4)
  A tengu warrior (D:14)
  2 death knights
  8 centaur warriors
  31 two-headed ogres
  8 ogre magi
  14 alligators
  9 death yaks
  10 thrashing horrors
  An orc high priest (Orc:2)
  A spriggan berserker (Swamp:4)
  A vampire mage (Vaults:2)
  A sun demon (Abyss:3)
  9 ironbrand convokers
  3 skeletal warriors (Vaults:1)
  12 naga sharpshooters
  7 wretched stars
  11 shock serpents
  6 deep elf knights
  A storm dragon zombie (Vaults:2)
  A spatial maelstrom (Abyss:2)
  3 shadow wraiths (Vaults:4)
  3 sixfirhies (Abyss:3)
  7 salamander mystics (Snake:4)
  2 spriggan druids (Swamp:4)
  5 wizards
  6 deep trolls
  4 deep elf archers
  A swamp dragon (shapeshifter) (Abyss:3)
  7 swamp dragons (Swamp:4)
  Pikel (D:9)
  3 glowing orange brains
  11 orc knights
  2 necromancers
  5 lindwurms
  13 mana vipers
  4 wolf spiders
  5 naga ritualists
  4 oklob plants (Lair:3)
  8 salamanders
  2 phantasmal warriors (Vaults:3)
  6 orc sorcerers
  10 deep elf magi
  A salamander (shapeshifter) (Vaults:3)
  2 stone giant zombies (Abyss:3)
  8 cyclopes
  A sphinx skeleton (Vaults:2)
  24 ugly things
  2 manticores
  3 elephants (Lair:6)
  A rust devil (Abyss:3)
  29 black mambas
  A centaur zombie (D:13)
  3 ice statues (IceCv)
  7 guardian serpents
  Maurice (D:8)
  5 vault sentinels
  5 smoke demons
  A torpor snail (shapeshifter) (Vaults:2)
  6 centaur skeletons
  19 naga magi
  21 spiny frogs
  A molten gargoyle (Lair:6)
  A rime drake (Lair:5)
  22 yaktaurs
  An efreet (Abyss:3)
  7 freezing wraiths
  A tormentor (Abyss:3)
  5 komodo dragons
  A tengu conjurer (D:14)
  A human skeleton (Vaults:2)
  A red devil (Abyss:3)
  5 ancient zymes
  6 trolls
  A meliai (shapeshifter) (Abyss:3)
  8 tyrant leeches
  2 polar bears (Lair:3)
  13 hornets
  A raiju (shapeshifter) (Abyss:4)
  6 raiju (Abyss:3)
  17 bog bodies
  23 slime creatures
  7 hippogriffs
  5 dream sheep (Lair:6)
  15 blink frogs
  3 flying skulls (Abyss:2)
  A human simulacrum (Vaults:1)
  2 shadows
  8 spriggans
  2 wyverns
  8 wraiths
  A human (shapeshifter) (Abyss:3)
  3 fire bats (Abyss:3)
  A basilisk (Lair:6)
  2 water elementals (Abyss:3)
  2 vampires (Vaults:2)
  A fire bat (shapeshifter) (Abyss:3)
  4 hogs (Swamp:4)
  4 hungry ghosts
  55 yaks
  A fire elemental (Abyss:3)
  7 large abominations
  3 chaos spawn (Abyss:3)
  4 neqoxecs
  A steam dragon (D:14)
  11 vampire mosquitoes
  15 swamp worms
  5 wargs
  3 acid dragons
  10 insubstantial wisps
  32 nagas
  9 porcupines
  5 hell hounds (Lair:6)
  19 water moccasins
  A human zombie (Vaults:2)
  7 small abominations
  12 swamp drakes
  11 ice beasts
  55 orc warriors
  An alligator simulacrum (Abyss:3)
  2 slaves (D:9)
  3 phantoms
  2 sky beasts
  A black bear (D:8)
  An eye of draining (shapeshifter) (Vaults:2)
  An eye of draining (D:11)
  35 ogres
  6 wolves (Lair:1)
  34 centaurs
  10 crocodiles
  3 big kobolds
  20 bullfrogs
  A gnoll sergeant (D:10)
  2 wyvern zombies
  A glowing shapeshifter simulacrum (Vaults:3)
  An earth elemental (Abyss:3)
  6 scorpions
  6 killer bees (D:10)
  12 wights
  An electric eel (Lair:2)
  3 howler monkeys (D:10)
  3 lava snakes (Lair:6)
  6 crimson imps
  7 starcursed masses (Abyss:3)
  4 quasits
  2 iron imps (Abyss:3)
  20 orc wizards
  10 hounds
  3 jellies
  25 orc priests
  2 bullfrog skeletons
  6 iguanas
  12 worker ants
  A killer bee zombie (D:8)
  A hound zombie (D:6)
  A hound skeleton (D:7)
  2 worker ant zombies
  8 gnolls
  12 adders
  5 shadow imps
  2 adder skeletons
  2 adder zombies
  3 worms
  A dart slug (D:2)
  8 leopard geckos
  110 orcs
  9 bats
  6 giant cockroaches
  7 goblins
  10 hobgoblins
  8 jackals
  19 kobolds
  4 quokkas
  2 ball pythons (D:4)
  7 frilled lizards
  2 jackal zombies
  An orc zombie (Abyss:3)
  2 quokka skeletons (D:9)
  5 rats
  A lurking horror (Abyss:3)
  A plant (Lair:3)
  2 starspawn tentacles
1494 creatures vanquished.

Vanquished Creatures (collateral kills)
  A very ugly thing (Vaults:1)
  2 great orbs of eyes
  A death knight (Vaults:2)
  A skeletal warrior (Vaults:1)
  2 deep elf archers
  2 ironbrand convokers
  2 orc knights
  2 ugly things (Vaults:1)
  A wolf spider (Vaults:1)
  A vault sentinel (Vaults:3)
  2 yaktaurs
  A troll (Vaults:3)
  A hippogriff (shapeshifter) (Vaults:2)
  3 slime creatures (Vaults:1)
  A human simulacrum (Vaults:1)
  A warg (Vaults:1)
  A swamp worm (Swamp:1)
  4 insubstantial wisps (Swamp:1)
  5 orc warriors (Vaults:1)
  2 orc wizards
  2 orcs (Vaults:3)
38 creatures vanquished.

Vanquished Creatures (others)
  A frost giant (Vaults:3)
  A deep elf sorcerer (Vaults:1)
  An ironheart preserver (Vaults:3)
  2 deep elf annihilators
  4 yaktaur captains
  A rakshasa (Vaults:2)
  A great orb of eyes (Vaults:2)
  An ogre mage (Vaults:3)
  2 centaur warriors
  An alligator (Swamp:3)
  4 two-headed ogres
  A deep troll earth mage (Vaults:3)
  4 deep elf knights
  A deep elf archer (Vaults:1)
  2 deep trolls (Vaults:3)
  2 ironbrand convokers
  An orc knight (Vaults:1)
  4 deep elf magi
  2 vault sentinels (Vaults:2)
  A guardian serpent (Snake:4)
  2 yaktaurs
  A freezing wraith (Vaults:1)
  3 slime creatures (Vaults:1)
  A flying skull (Abyss:2)
  A vampire (Vaults:2)
  5 insubstantial wisps (Swamp:3)
  A warg (Vaults:2)
  A swamp worm (Swamp:3)
  2 orc warriors (Vaults:2)
  2 ogres
  4 centaurs
  A small abomination (Abyss:3)
  A jelly (Abyss:2)
  5 orcs
  2 briar patches (Swamp:1)
  A fire vortex (Abyss:3)
  9 fungi
  A lurking horror (Abyss:3)
  21 plants
  22 starspawn tentacles
123 creatures vanquished.

Grand Total: 1655 creatures vanquished

Notes
Turn   | Place    | Note
-------+----------+-------------------------------------------
     0 | D:1      | JimmyWheeler the Halfling Hunter began the quest for the
                  | Orb.
     0 | D:1      | Reached XP level 1. HP: 14/14 MP: 1/1
     1 | D:1      | Found a runed translucent door.
    60 | D:1      | Reached XP level 2. HP: 19/19 MP: 2/2
    69 | D:1      | Reached skill level 1 in Short Blades
   673 | D:2      | Reached XP level 3. HP: 24/24 MP: 3/3
   706 | D:2      | Found a radiant altar of Vehumet.
   728 | D:2      | Reached skill level 6 in Slings
   771 | D:2      | Found a blossoming altar of Fedhas.
   831 | D:2      | Found a snail-covered altar of Cheibriados.
  1005 | D:2      | Found a shimmering altar of Xom.
  1129 | D:2      | Found a shimmering altar of Xom.
  1129 | D:2      | Noticed an angel
  1142 | D:2      | Found a glowing silver altar of Zin.
  1213 | D:3      | Reached XP level 4. HP: 24/29 MP: 4/4
  1263 | D:3      | Reached skill level 1 in Shields
  2321 | D:4      | Noticed an ogre
  2366 | D:3      | Killed an ogre
  2366 | D:3      | Reached skill level 1 in Armour
  2366 | D:3      | Reached XP level 5. HP: 12/35 MP: 5/5
  2607 | D:3      | Reached XP level 6. HP: 38/41 MP: 6/6
  3474 | D:5      | Entered Level 5 of the Dungeon
  3538 | D:5      | Reached XP level 7. HP: 40/45 MP: 7/7
  3550 | D:5      | Got an opal-encrusted leather armour
  3579 | D:5      | Identified the +0 leather armour of Higoreho {rN+++ MP+9
                  | Int+3 Dex-2} (You found it on level 5 of the Dungeon)
  5376 | D:5      | Reached skill level 7 in Slings
  5376 | D:5      | Reached XP level 8. HP: 47/52 MP: 8/8
  5466 | D:5      | Found a staircase to the Ecumenical Temple.
  5577 | D:6      | Found Avooph's Weapon Shop.
  5582 | D:6      | Bought a +0 rapier for 48 gold pieces
  5935 | D:6      | Noticed Sigmund
  6052 | D:6      | Reached skill level 5 in Short Blades
  6751 | D:7      | Noticed a hornet
  7107 | D:7      | Reached skill level 5 in Shields
  7107 | D:7      | Reached XP level 9. HP: 57/57 MP: 9/9
  7457 | D:7      | Reached skill level 8 in Slings
  7603 | D:7      | Found an opulent altar of Gozag.
  7613 | D:7      | Became a worshipper of Gozag Ym Sagoz the Greedy
  8092 | D:7      | Killed a hornet
  8092 | D:7      | Reached skill level 5 in Dodging
  8226 | D:7      | Reached skill level 5 in Stealth
  8787 | D:8      | Found Suinewif's Book Boutique.
  8828 | D:8      | Noticed Maurice
  9060 | D:8      | Reached skill level 1 in Evocations
  9110 | D:8      | Reached XP level 10. HP: 64/64 MP: 10/10
  9471 | D:8      | Found a shattered altar of Ashenzari.
  9478 | D:8      | Found a hide-covered altar of Uskayaw.
  9712 | D:8      | Identified the amulet "Duogigar" {Spirit +Inv rPois Str+5}
 10083 | D:8      | Killed Maurice
 10083 | D:8      | Reached skill level 9 in Slings
 10083 | D:8      | Reached skill level 5 in Armour
 10309 | D:9      | Noticed Gastronok
 10663 | D:9      | Noticed Pikel
 10722 | D:9      | Noticed Erolcha
 10772 | D:9      | Killed Erolcha
 10969 | D:9      | Reached skill level 5 in Fighting
 11010 | D:9      | Reached XP level 11. HP: 64/71 MP: 13/13
 11618 | D:9      | Killed Gastronok
 11867 | D:9      | Found Niuwon's Assorted Antiques.
 12063 | D:9      | Killed Pikel
 12165 | D:10     | Entered Level 10 of the Dungeon
 12198 | D:10     | Noticed a two-headed ogre
 12219 | D:10     | Killed a two-headed ogre
 12219 | D:10     | Reached skill level 10 in Slings
 12484 | D:10     | Reached skill level 1 in Throwing
 13230 | D:10     | Found a runed translucent door.
 13230 | D:10     | Noticed a stone giant
 13230 | D:10     | Noticed Snicker's ghost (novice SpEn)
 13608 | D:11     | Reached skill level 10 in Short Blades
 13749 | D:11     | Found a staircase to the Lair.
 13861 | D:11     | Noticed a two-headed ogre
 13878 | D:11     | Killed a two-headed ogre
 13878 | D:11     | Reached XP level 12. HP: 41/78 MP: 8/15
 14965 | D:11     | Noticed a six-headed hydra
 15276 | D:11     | Killed a six-headed hydra
 15762 | D:12     | Noticed a six-headed hydra
 15833 | D:12     | Found a stormy altar of Qazlal.
 16040 | D:12     | Noticed a two-headed ogre
 16048 | D:12     | Killed a two-headed ogre
 16444 | D:12     | Bought an ancient hat for 252 gold pieces
 16454 | D:12     | Identified the +0 hat "Liatahom" {rElec rC+ Int+6 Stlth-}
                  | (You bought it in a shop on level 12 of the Dungeon)
 16694 | D:12     | Bought a glowing plate armour for 728 gold pieces
 16779 | D:12     | Found a staircase to the Orcish Mines.
 16882 | D:12     | Killed a six-headed hydra
 17129 | D:13     | Noticed a two-headed ogre
 17161 | D:12     | Killed a two-headed ogre
 17174 | D:13     | Noticed a centaur warrior
 17188 | D:13     | Killed a centaur warrior
 17188 | D:13     | Reached skill level 11 in Slings
 17188 | D:13     | Reached skill level 5 in Evocations
 17194 | D:13     | Noticed a centaur warrior
 17295 | D:13     | Found Xewooneff's Magic Scroll Shoppe.
 17309 | D:13     | Bought a scroll of identify for 28 gold pieces
 17504 | D:13     | Killed a centaur warrior
 17504 | D:13     | Reached XP level 13. HP: 36/84 MP: 10/16
 17898 | D:13     | Found a portal to a secret trove of treasure.
 17920 | D:13     | Identified Edghi Oxeism's Spellweaving in Simple Steps
 19321 | D:14     | Noticed a vault guard
 19349 | D:14     | Killed a vault guard
 19600 | D:14     | Found a gate to the Vaults.
 19608 | D:14     | Found the +10 Black Knight's horse barding {ponderous,
                  | rPois rN+}
 19701 | D:15     | Entered Level 15 of the Dungeon
 20308 | Lair:1   | Entered Level 1 of the Lair of Beasts
 21145 | Lair:1   | Reached XP level 14. HP: 74/92 MP: 13/18
 21306 | Lair:1   | Reached skill level 5 in Throwing
 21368 | Lair:2   | Reached skill level 12 in Slings
 21898 | Lair:2   | Noticed Erica
 21918 | Lair:2   | Killed Erica
 22155 | Lair:2   | Bought a +2 helmet of intelligence for 301 gold pieces
 22537 | Lair:2   | Found a staircase to the Swamp.
 22992 | Lair:3   | Found a staircase to the Snake Pit.
 23021 | Lair:3   | Found a transporter.
 23025 | Lair:3   | Found a transporter.
 23026 | Lair:3   | Noticed demenzo's ghost (adept SpVM)
 23602 | Lair:3   | Reached skill level 10 in Armour
 24044 | Lair:3   | Got a transparent plate armour
 24055 | Lair:3   | Identified the +12 plate armour "Rammuhuh" {*Drain +Blink
                  | rC++ Dex+2} (You found it on level 3 of the Lair of Beasts)
 24893 | Lair:4   | Found a frozen archway.
 24900 | IceCv    | Entered an ice cave
 25651 | Lair:4   | Reached XP level 15. HP: 71/99 MP: 15/20
 25959 | Lair:4   | Reached skill level 10 in Shields
 26178 | Lair:4   | Bought a glowing hunting sling for 67 gold pieces
 27192 | Lair:5   | Noticed Josephine
 27552 | Lair:5   | Found a staircase to the Slime Pits.
 27553 | Lair:5   | Found a viscous altar of Jiyva.
 27705 | Lair:5   | Reached skill level 13 in Slings
 27742 | Lair:5   | Reached skill level 10 in Dodging
 28438 | Lair:5   | Killed Josephine
 28553 | Lair:6   | Entered Level 6 of the Lair of Beasts
 29919 | Lair:6   | HP: 1/99 [molten gargoyle/bolt of magma (31)]
 30080 | Lair:6   | Found a large runed translucent door.
 30233 | Snake:1  | Entered Level 1 of the Snake Pit
 31261 | Snake:1  | Reached XP level 16. HP: 55/106 MP: 12/21
 32869 | Snake:2  | Noticed a nagaraja
 32893 | Snake:2  | Killed a nagaraja
 34243 | Snake:2  | Reached skill level 14 in Slings
 35005 | Snake:3  | Gained mutation: Your spells are a little harder to cast,
                  | but a little more powerful. [potion of mutation]
 36193 | Snake:4  | Entered Level 4 of the Snake Pit
 36881 | Snake:4  | Noticed a nagaraja
 36916 | Snake:4  | Killed a nagaraja
 36916 | Snake:4  | Reached XP level 17. HP: 65/114 MP: 15/23
 37205 | Snake:4  | Found Kyhuge's Magic Scroll Shop.
 37279 | Snake:4  | Lost mutation: Your spells are a little harder to cast, but
                  | a little more powerful. [potion of mutation]
 37279 | Snake:4  | Gained mutation: You can translocate small distances at
                  | will. [potion of mutation]
 37345 | Snake:4  | Reached skill level 10 in Fighting
 40503 | Snake:4  | Reached skill level 10 in Stealth
 41425 | Snake:4  | Reached skill level 15 in Slings
 42103 | Snake:4  | Reached XP level 18. HP: 121/122 MP: 25/25
 42523 | Snake:4  | Got a serpentine rune of Zot
 42840 | Orc:1    | Entered Level 1 of the Orcish Mines
 42876 | Orc:1    | Found Igosem's Distillery.
 42934 | Orc:1    | Bought a potion of berserk rage for 80 gold pieces
 43842 | Orc:1    | Bought a ration for 65 gold pieces
 43842 | Orc:1    | Bought a ration for 65 gold pieces
 43842 | Orc:1    | Bought a ration for 65 gold pieces
 43842 | Orc:1    | Bought a ration for 65 gold pieces
 43844 | Orc:2    | Entered Level 2 of the Orcish Mines
 43844 | Orc:2    | Found a staircase to the Elven Halls.
 43983 | Orc:2    | Reached skill level 15 in Short Blades
 44091 | Orc:2    | Paralysed by an orc sorcerer for 7 turns
 44520 | Orc:2    | Found a roughly hewn altar of Beogh.
 45125 | Orc:2    | Found Vegaal's Assorted Antiques.
 45125 | Orc:2    | Found Kezupn's Assorted Antiques.
 45127 | Orc:2    | Found Nunyliurgh's General Store.
 45129 | Orc:2    | Found Eneipibb's Armour Shop.
 45286 | Swamp:1  | Entered Level 1 of the Swamp
 45714 | Swamp:1  | Reached skill level 10 in Evocations
 49010 | Swamp:3  | Reached XP level 19. HP: 75/128 MP: 19/26
 49839 | Swamp:4  | Entered Level 4 of the Swamp
 49841 | Swamp:4  | Noticed Kirke
 49879 | Swamp:4  | Killed Kirke
 49879 | Swamp:4  | Reached skill level 16 in Slings
 51369 | Swamp:4  | Reached skill level 10 in Throwing
 52266 | Swamp:4  | Got a decaying rune of Zot
 52470 | Vaults:1 | Entered Level 1 of the Vaults
 54247 | Vaults:1 | Found an opulent altar of Gozag.
 54771 | Vaults:2 | Found Piv Atas's Assorted Antiques.
 55238 | Vaults:2 | Noticed Mara
 55258 | Vaults:2 | Noticed JimmyWheeler's illusion
 55292 | Vaults:2 | Killed Mara
 55292 | Vaults:2 | Reached XP level 20. HP: 104/135 MP: 24/27
 56208 | Vaults:2 | Found a staircase to the Crypt.
 57035 | Vaults:3 | Reached skill level 17 in Slings
 58813 | Vaults:3 | Reached XP level 21. HP: 125/143 MP: 25/28
 59093 | Vaults:3 | Identified the amulet of Xinta {RegenMP rN+ Dex+3 SInv}
 60833 | D:13     | You paid a toll of 5 scrolls of blinking to enter a
                  | treasure trove
 60834 | Trove    | Entered a treasure trove
 60853 | Trove    | Got a pair of scorched boots
 60865 | Trove    | Identified the +2 pair of boots of a bailey {-Cast rPois
                  | Int+4 Stlth+} (You found it in a treasure trove)
 60928 | Trove    | Got a bound amethyst amulet
 60929 | Trove    | Identified the amulet "Nucawiri" {Gourm Int+5} (You found
                  | it in a treasure trove)
 62465 | Vaults:4 | Reached XP level 22. HP: 140/150 MP: 28/30
 62503 | Vaults:4 | Reached skill level 18 in Slings
 63126 | Vaults:4 | Reached skill level 15 in Armour
 63477 | Vaults:4 | Cast into level 2 of the Abyss (a deep elf sorcerer)
 63954 | Abyss:2  | Noticed a profane servitor
 63988 | Abyss:2  | Killed a profane servitor
 64160 | Abyss:2  | Noticed a profane servitor
 65173 | Abyss:3  | Paralysed by accursed screaming for 1 turns
 65436 | Abyss:3  | Gained mutation: You tend to lose your temper in combat. [a
                  | neqoxec]
 65581 | Abyss:3  | Noticed a bone dragon
 65664 | Abyss:3  | Killed a bone dragon
 66679 | Abyss:4  | Noticed a bone dragon
 66709 | Abyss:4  | Noticed a bone dragon
 66811 | Abyss:4  | HP: 1/152 [deep elf sorcerer/bolt of acid (11)]
 66811 | Abyss:4  | Splashed by a deep elf sorcerer's acid

Skill      XL: |  1  2  3  4  5  6  7  8  9 10 11 12 13 14 15 16 17 18 19 20 21 22 |
---------------+-------------------------------------------------------------------+-----
Short Blades   | 1 2 3 4 5 7 8 10 11 12 13 14 15 16 17 | 17.5
Fighting       | 2 3 4 5 6 7 8 9 10 11 12 13 | 13.0
Slings         | 6 7 8 9 10 11 12 13 14 15 16 17 18 | 18.6
Shields        | 2 3 5 6 7 8 9 10 11 12 13 | 13.4
Stealth        | 2 3 4 5 6 7 8 9 10 11 12 13 14 | 14.2
Armour         | 1 2 3 4 5 6 7 9 10 11 12 13 14 15 | 15.4
Dodging        | 3 4 5 6 7 8 9 10 11 12 13 14 | 14.6
Evocations     | 1 3 4 5 6 7 8 9 10 11 | 11.4
Throwing       | 1 3 4 6 7 8 9 10 11 12 | 12.2

Action                   |  1- 3 |  4- 6 |  7- 9 | 10-12 | 13-15 | 16-18 | 19-21 | 22-24 || total
-------------------------+-------+-------+-------+-------+-------+-------+-------+-------++-------
Melee: Short sword       |    62 |   100 |   145 |    69 |   637 |   393 |       |       ||  1406
       Rapier            |       |       |   495 |   750 |  1235 |  1848 |  2179 |  1022 ||  7529
       Hunting sling     |       |       |       |     1 |       |       |       |       ||     1
       Dagger            |       |       |       |       |       |    23 |       |       ||    23
       Unarmed           |       |       |       |       |       |       |    10 |       ||    10
 Fire: Hunting sling     |    56 |   121 |   245 |   437 |   996 |  1283 |   914 |    27 ||  4079
       Blowgun           |       |       |       |    15 |       |     3 |       |       ||    18
       Fustibalus        |       |       |       |       |       |       |    91 |   231 ||   322
Throw: Stone             |       |     1 |     1 |       |       |       |       |       ||     2
       Tomahawk          |       |       |    10 |    25 |    23 |    34 |    35 |    30 ||   157
       Throwing net      |       |       |       |     1 |     3 |       |       |       ||     4
Invok: Potion Petition   |       |       |     1 |       |       |     1 |       |     5 ||     7
       Call Merchant     |       |       |       |     1 |     2 |     1 |       |       ||     4
       Bribe Branch      |       |       |       |       |       |       |     1 |       ||     1
 Abil: Evoke Blink       |       |       |       |       |       |     1 |       |    12 ||    13
       Blink             |       |       |       |       |       |     1 |       |     1 ||     2
Evoke: Wand              |       |       |     1 |     5 |       |       |       |       ||     6
  Use: Scroll            |     1 |     2 |     9 |    15 |    17 |    11 |    13 |     4 ||    72
       Potion            |       |       |       |     3 |     4 |     6 |     4 |    21 ||    38
 Stab: Sleeping          |     1 |     1 |     2 |     2 |       |       |     1 |     1 ||     8
       Distracted        |       |       |     2 |     6 |     3 |     6 |    24 |    10 ||    51
       Paralysed         |       |       |     1 |     1 |       |       |     2 |       ||     4
       Held in net/web   |       |       |       |       |     2 |       |       |       ||     2
       Confused          |       |       |       |       |       |       |     1 |       ||     1
  Eat: Ration            |     1 |     2 |     9 |     8 |    13 |    16 |    13 |     4 ||    66
Armor: Leather armour    |     6 |       |       |       |       |       |       |       ||     6
       Ring mail         |     6 |    38 |    11 |    86 |       |       |       |       ||   141
       Scale mail        |       |       |   160 |    40 |       |       |       |       ||   200
       Plate armour      |       |       |       |    38 |   452 |   640 |   546 |   345 ||  2021
Dodge: Dodged            |    33 |    76 |   292 |   313 |   511 |   703 |   819 |   549 ||  3296
Block: Buckler           |       |       |   146 |   254 |   494 |   758 |   763 |   463 ||  2878
